 Dungeon Crawl Stone Soup version 0.21.0-3-g78d12a8 (webtiles) character file.

70 zhorgal the Skirmisher (level 4, -1/40 HPs)
             Began as a Hill Orc Air Elementalist on Jan 17, 2018.
             Was an Initiate of Nemelex Xobeh.
             Slain by an orange demon (7 damage)
             ... summoned by the player character
             ... on level 2 of the Dungeon.
             The game lasted 00:05:13 (1616 turns).

zhorgal the Skirmisher (Hill Orc Air Elementalist)  Turns: 1616, Time: 00:05:14

Health: -1/40      AC:  5    Str: 11    XL:     4   Next: 22%
Magic:  6/6        EV: 10    Int: 15    God:    Nemelex Xobeh [......]
Gold:   37         SH:  0    Dex: 11    Spells: 5/6 levels left

rFire    . . .     SeeInvis .   j - +0 club
rCold    . . .     Gourm    .   (no shield)
rNeg     . . .     Faith    .   k - +0 ring mail
rPois    .         Spirit   .   (no helmet)
rElec    .         Reflect  .   e - scarf {repulsion}
rCorr    .         Harm     .   (no gloves)
MR       .....                  (no boots)
Stlth    +.........             (no amulet)
HPRegen  0.13/turn              (no ring)
MPRegen  0.10/turn              (no ring)

@: repel missiles
A: no striking features
a: Renounce Religion


You were on level 2 of the Dungeon.
You worshipped Nemelex Xobeh.
Nemelex Xobeh was noncommittal.
You were not hungry.

You visited 1 branch of the dungeon, and saw 2 of its levels.

You collected 37 gold pieces.

Inventory:

Hand Weapons
 j - a +0 club (weapon)
Armour
 a - a +0 robe
 e - a scarf of repulsion (worn)
 k - a +0 ring mail (worn)
Scrolls
 f - a scroll of noise {unknown}
 g - a scroll of magic mapping {unknown}
 h - a scroll of random uselessness {unknown}
 i - 4 scrolls of remove curse {unknown}
 l - a scroll of teleportation {unknown}
Potions
 d - a potion of lignification {unknown}
Books
 b - a book of Air

   Spells                             Type                      Level
   a - Shock                          Conjuration/Air              1
   b - Swiftness                      Charms/Air                   2
   c - Static Discharge               Conjuration/Air              3
   d - Airstrike                      Air                          4
   e - Lightning Bolt                 Conjuration/Air              5
Miscellaneous
 n - a plain deck of summoning {drawn: 1}
Comestibles
 c - 5 rations
 m - 2 chunks of flesh


   Skills:
 + Level 3.7 Fighting
 + Level 0.9 Armour
 + Level 1.8 Dodging
 - Level 1.5 Stealth
 - Level 1.2 Unarmed Combat
 - Level 1.5 Spellcasting
 - Level 1.0 Conjurations
 - Level 2.4 Air Magic


You had 5 spell levels left.
You knew the following spells:

 Your Spells              Type           Power        Failure   Level  Hunger
a - Shock                 Conj/Air       #...         28%         1    ##.....


Dungeon Overview and Level Annotations

Branches:
Dungeon (2/15)

Altars:
Nemelex Xobeh


Message History

An orc comes into view.
You swap places.
Your hell hound bites the orc!
The orc dies!
Your hell hound bites the orc.
The orc hits you.
* * * LOW HITPOINT WARNING * * *
Your hell hound breathes flames at the orc.
The blast of flame hits the orc.
The orc dies!
The blast of flame hits the orc priest.
The orc priest dies!
You have reached level 4!
You take 3 damage, and have 5/40 hp.
MP restored: 6 You hit the orc.
The orc closely misses you. The orc hits you but does no damage.
You hit the orc but do no damage.
Your hell hound bites the orc.
The orange demon stings you from afar!
You die...
Your body disappears without a glow.

..#....#o.o .....
.......#b.. ....#
..#....# ...#
..#....## ...#
.##.....#########..#
###...#...o.o......#
........#########..#
.....##.......###o##
#######..####)##@h#
..<........)).4..##
#######.#####.####
#.......# #########


You could see an orange demon, an orc and a friendly hell hound.

Vanquished Creatures
  5 dart slugs
  4 giant cockroaches (D:1)
  4 goblins
  6 hobgoblins
  8 jackals (D:1)
  2 bats (D:1)
  2 frilled lizards
  2 kobolds (D:1)
  5 rats
38 creatures vanquished.

Vanquished Creatures (collateral kills)
  An orc priest (D:2)
  2 orcs (D:2)
3 creatures vanquished.

Grand Total: 41 creatures vanquished

Notes
Turn   | Place    | Note
-------+----------+-------------------------------------------
     0 | D:1      | zhorgal the Hill Orc Air Elementalist began the quest for the Orb.
     0 | D:1      | Reached XP level 1. HP: 14/14 MP: 3/3
   122 | D:1      | Reached skill level 1 in Unarmed Combat
   141 | D:1      | Reached skill level 1 in Fighting
   141 | D:1      | Reached XP level 2. HP: 10/23 MP: 1/4
   430 | D:1      | Reached skill level 2 in Fighting
   589 | D:1      | Reached XP level 3. HP: 30/30 MP: 5/5
   715 | D:1      | Reached skill level 3 in Fighting
  1464 | D:2      | Found a sparkling altar of Nemelex Xobeh.
  1520 | D:2      | Became a worshipper of Nemelex Xobeh the Trickster
  1566 | D:2      | Received a gift from Nemelex Xobeh
  1611 | D:2      | Noticed an orange demon
  1614 | D:2      | Reached XP level 4. HP: 5/40 MP: 6/6
  1616 | D:2      | Slain by an orange demon

Skill      XL: |  1  2  3 |
---------------+----------+-----
Unarmed Combat | 1 |  1.2
Fighting       | 1 2 3 |  3.7
Armour         | |  0.9
Dodging        | |  1.8
Stealth        | |  1.5
Spellcasting   | |  1.5
Conjurations   | |  1.0
Air Magic      | |  2.4

Action                   |  1- 3 |  4- 6 || total
-------------------------+-------+-------++-------
Melee: Unarmed           |    33 |       ||    33
       Club              |   182 |     2 ||   184
 Cast: Shock             |     3 |       ||     3
Evoke: Deck              |     1 |       ||     1
  Eat: Chunk             |     3 |       ||     3
Armor: Robe              |     2 |       ||     2
       Ring mail         |    92 |     1 ||    93
Dodge: Dodged            |   143 |     1 ||   144
       Deflected         |     6 |       ||     6
